 Dungeon Crawl Stone Soup version 0.22.1-2-g9c5b331 (webtiles) character file.

99 Gearfox the Slasher (level 4, -1/38 HPs)
             Began as a Draconian Fighter on Nov 30, 2018.
             Killed from afar by Terence (5 damage)
             ... with a wand of flame (24)
             ... on level 3 of the Dungeon.
             The game lasted 00:08:14 (2511 turns).

Gearfox the Slasher (Draconian Fighter)             Turns: 2511, Time: 00:08:15

Health: -1/38      AC:  6    Str: 24    XL:     4   Next: 45%
Magic:  4/4        EV: 10    Int: 13    God:
Gold:   115        SH:  9    Dex: 11    Spells: 3/3 levels left

rFire    . . .     SeeInvis .   a - +3 long sword
rCold    . . .     Gourm    .   b - +0 shield
rNeg     . . .     Faith    .   (armour unavailable)
rPois    .         Spirit   .   (helmet restricted)
rElec    .         Reflect  .   e - +0 cloak
rCorr    .         Harm     .   (no gloves)
MR       .....                  (no boots)
Stlth    +.........             (no amulet)
HPRegen  0.12/turn              (no ring)
MPRegen  0.09/turn              (no ring)

@: mighty, brilliant
A: unfitting armour, cold-blooded, AC +5
a: no special abilities


You were on level 3 of the Dungeon.
You were not hungry.

You visited 1 branch of the dungeon, and saw 3 of its levels.

You collected 115 gold pieces.

Inventory:

Hand Weapons
 a - a +3 long sword (weapon)
Armour
 b - a +0 shield (worn)
 e - a +0 cloak (worn)
Potions
 g - a potion of curing {unknown}
 i - a potion of flight {unknown}
 j - a potion of ambrosia {unknown}
Comestibles
 d - 6 rations
 f - 6 chunks of flesh


   Skills:
 - Level 3.2 Fighting
 * Level 4.8 Long Blades
 - Level 2.6 Dodging
 - Level 3.0 Shields


You had 3 spell levels left.
You didn't know any spells.
Your spell library was empty.

Dungeon Overview and Level Annotations

Branches:
Dungeon (3/15)

Altars:
Okawaru

Annotations:
D:3 Terence


Innate Abilities, Weirdness & Mutations

Your plain brown scales are hard. (AC +5)
You cannot fit into any form of body armour.
You are cold-blooded and may be slowed by cold attacks.


Message History

* * * LOW HITPOINT WARNING * * *
You block the hobgoblin's attack.
You hit the hobgoblin but do no damage.
You tail-slap the hobgoblin, but do no damage.
The hobgoblin is heavily wounded.
The hobgoblin closely misses you. Terence hits you with a mace.
* * * LOW HITPOINT WARNING * * *
You block the hobgoblin's attack.
You hit the hobgoblin.
You kill the hobgoblin!
Terence misses you.
You feel very mighty all of a sudden. Terence hits you but does no damage.
It was a potion of brilliance.
You feel clever all of a sudden. You block Terence's attack.
You slash Terence!
Terence is heavily wounded.
Terence zaps a wand.
The puff of flame hits you!
You die...

......#.#.............#.....
...........................>
..###..<......#.#####.#.#...
##.(..#.#.....# #.#.#...
.........#.#.#######.#)#...
###....###.#.........#.#...
.......<#.#..########.#...
###...##.#.#...# #.#...
........†@##..# #.#.##
####.#..@###..# #.#. #...#
#..# #.# #...# #..# #.# #
#...# #..# #.# .
#...###..#######.####
##.###........##.....
#...................
.........##........#######


You could see Terence.

Vanquished Creatures
  Jessica (D:3)
  An adder (D:2)
  An ooze (D:2)
  3 worms (D:2)
  2 leopard geckos
  6 giant cockroaches
  8 goblins
  5 hobgoblins
  4 jackals (D:2)
  2 quokkas (D:2)
  3 ball pythons
  2 bats
  4 frilled lizards
  A kobold (D:1)
  3 rats
46 creatures vanquished.

Notes
Turn   | Place    | Note
-------+----------+-------------------------------------------
     0 | D:1      | Gearfox the Draconian Fighter began the quest for the Orb.
     0 | D:1      | Reached XP level 1. HP: 19/19 MP: 1/1
   434 | D:1      | Reached XP level 2. HP: 23/26 MP: 2/2
   530 | D:1      | Reached skill level 3 in Long Blades
   656 | D:1      | Found an iron altar of Okawaru.
  1417 | D:2      | Reached XP level 3. HP: 22/31 MP: 3/3
  1646 | D:2      | Reached skill level 4 in Long Blades
  2312 | D:3      | Reached XP level 4. HP: 38/38 MP: 4/4
  2425 | D:3      | Noticed Jessica
  2432 | D:3      | Killed Jessica
  2489 | D:3      | Noticed Terence
  2511 | D:3      | Killed from afar by Terence

Skill      XL: |  1  2  3 |
---------------+----------+-----
Long Blades    | 3 4 |  4.8
Fighting       | |  3.2
Dodging        | |  2.6
Shields        | |  3.0

Action                   |  1- 3 |  4- 6 || total
-------------------------+-------+-------++-------
Melee: Long sword        |    90 |    13 ||   103
       Tailslap          |     7 |     2 ||     9
  Use: Scroll            |     5 |       ||     5
       Potion            |       |     2 ||     2
  Eat: Chunk             |     4 |     1 ||     5
Armor: Skin              |    33 |     2 ||    35
Dodge: Dodged            |    43 |     7 ||    50
Block: Shield            |    43 |     6 ||    49
       Rpst.: Long sword |    12 |     3 ||    15
